 Dungeon Crawl Stone Soup version 0.32-a0-20-ge526923d97 (webtiles) character file.

Game seed: 4711767402088544110

401 IdlyInterested the Trooper (level 6, -3/53 HPs)
             Began as a Demonspawn Fighter on Jan 17, 2024.
             Slain by a yak (5 damage)
             ... on level 4 of the Dungeon.
             The game lasted 00:10:43 (3222 turns).

IdlyInterested the Trooper (Demonspawn Fighter)     Turns: 3222, Time: 00:10:43

Health: -3/53      AC: 12    Str: 17    XL:     6   Next: 54%
Magic:  7/7        EV:  7    Int:  8    God:
Gold:   209        SH:  4    Dex: 14    Spells: 7/7 levels left

rFire   . . .        a - +0 rapier
rCold   . . .        c - +0 buckler
rNeg    . . .        u - +0 chain mail
rPois   .            m - +0 helmet
rElec   .            q - +0 cloak
rCorr   .            s - +0 pair of gloves
SInv    .            (no boots)
Will    .....        (no amulet) Stlth
                     (no ring)
HPRegen 0.28/turn    (no ring)
MPRegen 0.20/turn

%: no passive effects
@: no status effects
A: powered by pain 1, magic regeneration, weakness stinger 1
a: no special abilities


You were on level 4 of the Dungeon.
You visited 1 branch of the dungeon, and saw 4 of its levels.

You collected 209 gold pieces.

Inventory:

Hand Weapons
 a - a +0 rapier (weapon)
 w - a +3 falchion
Missiles
 d - 3 boomerangs
 e - 12 stones (quivered)
 h - 4 darts of dispersal
Armour
 c - a +0 buckler (worn)
 k - an orb of wrath
 m - a +0 helmet (worn)
 q - a +0 cloak (worn)
 s - a +0 pair of gloves (worn)
 u - a +0 chain mail (worn)
Magical Staves
 y - a staff of death
Jewellery
 x - a ring of willpower
Wands
 r - a wand of light (1)
Scrolls
 f - a scroll of identify
 g - a scroll of fear
 j - a scroll of enchant armour
 o - 3 scrolls of teleportation
 p - a scroll of acquirement
 t - 3 scrolls of fog
Potions
 b - a potion of mutation {unknown}
 l - a potion of degeneration {unknown}
 n - a potion of attraction
 v - a potion of enlightenment
 z - a potion of cancellation {unknown}


   Skills:
 * Level 6.7 Fighting
 - Level 2.0 Short Blades
 - Level 1.0 Throwing
 - Level 3.0 Armour
 - Level 1.0 Dodging
 - Level 1.0 Stealth
 + Level 2.6 Shields
 - Level 1.0 Spellcasting


You had 7 spell levels left.
You didn't know any spells.
Your spell library was empty.

Dungeon Overview and Level Annotations

Branches:
Dungeon (4/15)
 Temple: D:4-7

Altars:
Ru
Xom


Innate Abilities, Weirdness & Mutations

You sometimes gain a little power by taking damage.
You regenerate magic rapidly.
You have a small tail.


Message History

The yak is lightly wounded.
The yak is no longer blind.
The yak gores you.
The iguana hisses menacingly.
You hit the yak.
The yak is lightly wounded.
You block the yak's attack. The yak gores you but does no damage.
You hit the yak but do no damage.
The yak is lightly wounded.
The yak gores you!
* * * LOW HITPOINT WARNING * * *
A yak comes into view.
You closely miss the yak.
The yak is lightly wounded.
The yak gores you!
* * * LOW HITPOINT WARNING * * *
Aiming: Bolt of Light
Press: ? - help, Shift-Dir - straight line, f - iguana
Aim: an iguana (moderately wounded, 75% to hit)
The bolt of light misses the yak.
The bolt of light hits the yak!
You kill the yak!
The bolt of light hits the iguana!
The iguana is almost dead.
The iguana is blinded.
You feel a little less agile now. The yak barely misses you.
Training target 1.0 for Spellcasting reached!
Your Fighting skill increases to level 6!
Your Spellcasting skill increases to level 1!
You have reached level 6!
Your demonic ancestry asserts itself...
You grow a small tail.
Aiming: Bolt of Light
Press: ? - help, Shift-Dir - straight line, f - yak, p - iguana
Aim: a yak (83% to hit)
The bolt of light misses the yak.
The bolt of light hits the yak!
The yak is moderately wounded.
The yak is blinded.
The bolt of light hits the yak!
The yak is moderately wounded.
The yak is blinded.
The yak gores you.
You die...

##.. #.# #.# ...o #.# #.#
#o( # #.###.# #.. ##.
####.....# #l# ...
#....####### #o## #.#
#..........# #).#
#.#.#..#...#.### ##Y##
#.#....###.#.##### #..#
#@##...#<..#......
##.#####Y##.....##.......
#...#.Yl######..........
###Y..Y).......##.......
###########.###.......
#...#....... ###.#.......
#.#....... #.#.......


You could see 3 yaks and an iguana (blind, unable to see you).

Vanquished Creatures
  A yak (D:4)
  A hound (D:4)
  2 orc priests
  An orc wizard (D:4)
  4 adders
  2 ribbon worms (D:2)
  2 dart slugs
  6 orcs
  4 ball pythons
  12 endoplasms
  6 giant cockroaches
  9 hobgoblins
  6 jackals
  2 quokkas
  8 bats
  A frilled lizard (D:2)
  5 goblins
  5 kobolds
  4 rats
81 creatures vanquished.

Notes
Turn   | Place    | Note
-------+----------+-------------------------------------------
     0 | D:1      | IdlyInterested the Demonspawn Fighter began the quest for
                  | the Orb.
     0 | D:1      | Reached XP level 1. HP: 18/18 MP: 1/1
    44 | D:1      | Gained mutation: You sometimes gain a little power by
                  | taking damage. [demonic ancestry]
    44 | D:1      | Reached XP level 2. HP: 15/24 MP: 2/2
   595 | D:1      | Gained mutation: You regenerate magic rapidly. [demonic
                  | ancestry]
   595 | D:1      | Reached XP level 3. HP: 14/30 MP: 3/3
   773 | D:1      | Reached skill level 4 in Fighting
  1796 | D:2      | Reached skill level 1 in Throwing
  1796 | D:2      | Reached XP level 4. HP: 37/38 MP: 4/4
  2210 | D:3      | Identified a scroll of acquirement
  2538 | D:3      | Reached skill level 1 in Dodging
  2546 | D:3      | Reached skill level 5 in Fighting
  2546 | D:3      | Reached XP level 5. HP: 36/44 MP: 5/5
  3083 | D:4      | Found a sacrificial altar of Ru.
  3084 | D:4      | Found a shimmering altar of Xom.
  3187 | D:4      | Noticed a yak
  3188 | D:4      | Reached skill level 1 in Stealth
  3188 | D:4      | Noticed a yak
  3215 | D:4      | Noticed a yak
  3219 | D:4      | Noticed a yak
  3220 | D:4      | HP: 2/46 [yak (9)]
  3221 | D:4      | Killed a yak
  3222 | D:4      | Reached skill level 6 in Fighting
  3222 | D:4      | Reached skill level 1 in Spellcasting
  3222 | D:4      | Gained mutation: You have a small tail. [demonic ancestry]
  3222 | D:4      | Reached XP level 6. HP: 2/53 MP: 7/7
  3222 | D:4      | Slain by a yak

Illustrated notes

Levels and vault maps discovered:
D:1:      dpeg_arrival_chambers_temple_mockup, layout_basic, minmay_tall_x
D:2:      layout_basic, minmay_misc_feat_roman
D:3:      layout_rooms, zin_academy, kennysheep_generic_room_3
D:4:      layout_basic, mainiacjoe_overflow_boulevard,
          mainiacjoe_overflow_divided_tiny, uniq_ijyb, uniq_blork_the_orc

Skill      XL: |  1  2  3  4  5 |
---------------+----------------+-----
Short Blades   | 2 |  2.0
Armour         | 3 |  3.0
Fighting       | 4 5 6 |  6.7
Throwing       | 1 |  1.0
Dodging        | 1 |  1.0
Stealth        | 1 |  1.0
Spellcasting   | 1 |  1.0
Shields        | |  2.6

Action                     |  1- 3 |  4- 6 || total
---------------------------+-------+-------++-------
  Melee: Rapier            |   178 |   135 ||   313
  Throw: Stone             |     5 |     5 ||    10
         Dart              |     2 |       ||     2
  Evoke: Wand              |       |     4 ||     4
    Use: Scroll            |       |     6 ||     6
         Potion            |       |     5 ||     5
 Armour: Scale mail        |   122 |    39 ||   161
         Chain mail        |       |    48 ||    48
  Dodge: Dodged            |    66 |    47 ||   113
  Block: Buckler           |    28 |    34 ||    62

Table legend: (Time is in decaauts)
 A = Elapsed time spent in this place.
 B = Non-inter-level travel time spent in this place.
 C = Inter-level travel time spent in this place.
 D = Time resting spent in this place.
 E = Time spent auto-exploring this place.
 F = Levels seen in this place.
 G = Mean time per level.
                   A        B        C        D        E       F      G
               +--------+--------+--------+--------+--------+-----+--------+
         Total |   3268 |   3137 |    131 |    385 |   1941 |   4 |  817.0 |
       Dungeon |   3268 |   3137 |    131 |    385 |   1941 |   4 |  817.0 |
               +--------+--------+--------+--------+--------+-----+--------+

Top non-repeatable levels by time:
     D:1: 1187 daAuts
     D:2: 1058 daAuts
     D:3: 787 daAuts
     D:4: 235 daAuts
